 Dungeon Crawl Stone Soup version 0.22.0-38-g04b72b8 (webtiles) character file.

301192 iamserjio the Warrior (level 21, -7/145 HPs)
             Began as a Tengu Monk on Aug 27, 2018.
             Was the Champion of Zin.
             Mangled by an azure jelly (38 damage)
             ... on level 1 of the Pits of Slime on Aug 28, 2018.
             The game lasted 02:27:11 (47375 turns).

iamserjio the Warrior (Tengu Monk)                 Turns: 47375, Time: 02:27:11

Health: -7/145     AC: 15    Str: 14    XL:     21   Next: 3%
Magic:  0/31       EV: 37    Int: 10    God:    Zin [******]
Gold:   642        SH:  7    Dex: 27    Spells: 13/20 levels left

rFire    . . .     SeeInvis .   z - +13 Maxwell's thermic engine {flame, freeze}
rCold    . . .     Gourm    .   H - +0 buckler
rNeg     + . .     Faith    .   f - +2 leather armour {MR+}
rPois    +         Spirit   +   a - +2 hat
rElec    .         Reflect  .   s - +2 ratskin cloak {+Rats rPois rN+ Str-1 Int-1 Dex+1}
rCorr    +         Harm     .   o - +1 pair of gloves {Dex+3}
MR       +++..                  (boots unavailable)
Stlth    +++.......             y - amulet of guardian spirit
HPRegen  0.34/turn              P - ring of resist corrosion
MPRegen  0.22/turn              j - ring of protection from magic

@: flying quickly and evasively, quick
A: beak, talons 3, able to fly 2
}: 2/15 runes: decaying, serpentine
a: Stop Flying, Recite, Vitalisation, Imprison, Sanctuary, Donate Gold, Renounce
Religion, Evoke Ratskin


You were on level 1 of the Pits of Slime.
You worshipped Zin.
Zin was exalted by your worship.
You were not hungry.

You visited 7 branches of the dungeon, and saw 35 of its levels.
You also visited: Sewer, Ice Cave and Volcano.

You collected 5222 gold pieces.
You spent 4226 gold pieces at shops.
You donated 354 gold pieces to Zin.

Inventory:

Hand Weapons
 z - the +13 Maxwell's thermic engine (weapon) {flame, freeze}
   (You found it on level 2 of the Lair of Beasts)

   It has been specially enchanted to burn those struck by it, causing extra
   injury to most foes and up to half again as much damage against particularly
   susceptible opponents.
   Big, fiery blades are also staple armaments of hydra-hunters.
 M - a +0 great sword of slicing
Missiles
 Y - 4 throwing nets (quivered) {!f}
Armour
 a - a +2 hat (worn)
 b - +0 steam dragon scales
 f - a +2 leather armour of magic resistance (worn)
 o - a +1 pair of gloves of dexterity (worn)
 s - the +2 ratskin cloak (worn) {+Rats rPois rN+ Str-1 Int-1 Dex+1}
   (You bought it in a shop on level 2 of the Orcish Mines)

   It affects your strength (-1).
   It affects your intelligence (-1).
   It affects your dexterity (+1).
   It protects you from poison.
   It protects you from negative energy.
 A - a +0 shield of reflection
 C - a scarf of repulsion
 H - a +0 buckler (worn)
 L - the +2 leather armour of Ohack {rC+}
   (You found it on level 3 of the Snake Pit)

   It protects you from cold.
 N - +0 swamp dragon scales
Jewellery
 j - a ring of protection from magic (right hand)
 k - the ring of Foirphel {Fire MR+}
   (You bought it in a shop on level 2 of the Orcish Mines)

   [ring of fire]

   It enhances your fire magic.
   It protects you from fire.
   It makes you vulnerable to cold.
   It affects your resistance to hostile enchantments.
 v - an uncursed ring of poison resistance
 y - an amulet of guardian spirit (around neck)
 F - an uncursed ring of protection from fire
 K - a +3 ring of evasion
 P - a ring of resist corrosion (left hand)
 R - the ring "Omos Cas" {rN+++ MP+9 Int+4 SInv Stlth-}
   (You found it on level 6 of the Lair of Beasts)

   [ring of magical power]

   It affects your intelligence (+4).
   It renders you almost immune to negative energy.
   It affects your magic capacity (+9).
   It lets you see invisible.
   It makes you less stealthy.
Wands
 I - a wand of scattershot (5)
 Q - a wand of paralysis (25)
 X - a wand of acid (16)
Scrolls
 l - a scroll of blinking
 p - 14 scrolls of teleportation
 q - 19 scrolls of remove curse {@r2}
 r - 5 scrolls of enchant weapon
 u - 3 scrolls of fog
 x - 6 scrolls of immolation
 B - 3 scrolls of magic mapping
 O - 5 scrolls of vulnerability
 S - 8 scrolls of fear
 U - a scroll of holy word
 Z - 4 scrolls of summoning
Potions
 d - 3 potions of ambrosia
 e - 2 potions of magic
 g - 18 potions of curing {@q1}
 h - 5 potions of mutation
 m - 2 potions of cancellation
 n - 2 potions of resistance
 D - 2 potions of berserk rage
 E - 6 potions of might
 G - a potion of invisibility
 J - 4 potions of heal wounds
 V - 3 potions of haste
Miscellaneous
 i - a lightning rod (4/4)
 t - a fan of gales
 w - a lamp of fire
 W - a phantom mirror
Comestibles
 c - 29 rations


   Skills:
 + Level 19.9 Fighting
 - Level 16.0 Long Blades
 + Level 16.1 Armour
 - Level 18.0 Dodging
 - Level 2.0 Stealth
 - Level 4.2 Shields
 - Level 12.0 Invocations
 - Level 6.0 Evocations


You had 13 spell levels left.
You knew the following spells:

 Your Spells              Type           Power        Failure   Level  Hunger
a - Summon Butterflies    Summ           #.......     41%         1    ##.....
b - Blink                 Tloc           N/A          54%         2    ###....
c - Summon Lightning Spi  Summ/Air       #.......     99%         4    #####..

Your spell library contained the following spells:

 Spells                   Type           Power        Failure   Level  Hunger
 Animate Skeleton         Necr           N/A          41%         1    ##.....
 Beastly Appendage        Tmut           #.....       41%         1    ##.....
 Confusing Touch          Hex            #.....       41%         1    ##.....
 Flame Tongue             Conj/Fire      #....        41%         1    ##.....
 Freeze                   Ice            #...         41%         1    ##.....
 Infusion                 Chrm           #...         41%         1    ##.....
 Magic Dart               Conj           #...         41%         1    ##.....
 Pain                     Necr           #...         41%         1    ##.....
 Shock                    Conj/Air       #...         41%         1    ##.....
 Summon Small Mammal      Summ           #...         41%         1    ##.....
 Call Imp                 Summ           #.......     54%         2    ###....
 Searing Ray              Conj           #.....       54%         2    ###....
 Shroud of Golubria       Chrm/Tloc      #.........   54%         2    ###....
 Slow                     Hex            #.......     54%         2    ###....
 Song of Slaying          Chrm           #.......     54%         2    ###....
 Sticks to Snakes         Tmut           #.......     54%         2    ###....
 Swiftness                Chrm/Air       #.......     54%         2    ###....
 Throw Flame              Conj/Fire      #.....       54%         2    ###....
 Throw Frost              Conj/Ice       #.....       54%         2    ###....
 Call Canine Familiar     Summ           #.......     78%         3    ####...
 Confuse                  Hex            #.......     78%         3    ####...
 Conjure Flame            Conj/Fire      #.......     78%         3    ####...
 Dazzling Spray           Conj/Hex       #.....       78%         3    ####...
 Gell's Gravitas          Tloc           #.........   78%         3    ####...
 Ignite Poison            Fire/Tmut/Pois #.......     78%         3    ####...
 Inner Flame              Hex/Fire       #.......     78%         3    ####...
 Mephitic Cloud           Conj/Pois/Air  #.......     78%         3    ####...
 Ozocubu's Armour         Chrm/Ice       #.......     78%         3    ####...
 Recall                   Summ/Tloc      N/A          78%         3    ####...
 Regeneration             Chrm/Necr      #.........   78%         3    ####...
 Spectral Weapon          Hex/Chrm       #.......     78%         3    ####...
 Spider Form              Tmut/Pois      #.........   78%         3    ####...
 Static Discharge         Conj/Air       #.......     78%         3    ####...
 Summon Guardian Golem    Hex/Summ       #.......     78%         3    ####...
 Vampiric Draining        Necr           #.........   78%         3    ####...
 Airstrike                Air            #.........   99%         4    #####..
 Animate Dead             Necr           N/A          99%         4    #####..
 Cause Fear               Hex            #.........   99%         4    #####..
 Force Lance              Conj/Tloc      #.......     99%         4    #####..
 Fulminant Prism          Conj/Hex       #.........   99%         4    #####..
 Ice Form                 Ice/Tmut       #.......     99%         4    #####..
 Iskenderun's Mystic Bla  Conj           #.......     99%         4    #####..
 Petrify                  Tmut/Erth      #.......     99%         4    #####..
 Sticky Flame             Conj/Fire      #.......     99%         4    #####..
 Summon Ice Beast         Ice/Summ       #.......     99%         4    #####..
 Throw Icicle             Conj/Ice       #.......     99%         4    #####..
 Aura of Abjuration       Summ           #.........   100%        5    ######.
 Blade Hands              Tmut           #.........   100%        5    ######.
 Bolt of Magma            Conj/Fire/Erth #.........   100%        5    ######.
 Fireball                 Conj/Fire      #.........   100%        5    ######.
 Irradiate                Conj/Tmut      #.........   100%        5    ######.
 Iskenderun's Battlesphe  Conj/Chrm      #.......     100%        5    ######.
 Lightning Bolt           Conj/Air       #.........   100%        5    ######.
 Metabolic Englaciation   Hex/Ice        #.........   100%        5    ######.
 Silence                  Hex/Air        #.........   100%        5    ######.
 Summon Demon             Summ           #.........   100%        5    ######.
 Summon Forest            Summ/Tloc      #.........   100%        5    ######.
 Summon Mana Viper        Hex/Summ       #.......     100%        5    ######.
 Venom Bolt               Conj/Pois      #.........   100%        5    ######.
 Yara's Violent Unravell  Hex/Tmut       #.........   100%        5    ######.
 Deflect Missiles         Chrm/Air       #.........   100%        6    #######
 Hydra Form               Tmut           #.........   100%        6    #######
 Iron Shot                Conj/Erth      #.........   100%        6    #######
 Ozocubu's Refrigeration  Ice            #.........   100%        6    #######
 Shadow Creatures         Summ           N/A          100%        6    #######
 Statue Form              Tmut/Erth      #........    100%        6    #######
 Dragon Form              Tmut           #.........   100%        7    #######
 Orb of Destruction       Conj           #.........   100%        7    #######
 Ring of Flames           Chrm/Fire      #.........   100%        7    #######
 Spellforged Servitor     Conj/Summ      #.........   100%        7    #######
 Summon Hydra             Summ           #.........   100%        7    #######
 Discord                  Hex            #.........   100%        8    #######
 Ignition                 Fire           #.........   100%        8    #######
 Shatter                  Erth           #.........   100%        9    #######
 Tornado                  Air            #.........   100%        9    #######


Dungeon Overview and Level Annotations

Branches:
Dungeon (15/15)            Temple (0/1) D:4            Lair (6/6) D:11
  Swamp (4/4) Lair:3        Snake (4/4) Lair:3        Slime (1/5) Lair:6
    Orc (2/2) D:9             Elf (3/3) Orc:2        Vaults (0/5) D:13
 Depths (0/5) D:15

Altars:
Dithmenos
Fedhas
Gozag
Hepliaklqana
Nemelex Xobeh
Okawaru
Qazlal
Ru
Trog
Wu Jian
Xom
Yredelemnul
Zin
The Shining One
Jiyva

Shops:
D:8 ?(   D:11 (   D:14 **   Orc:1 (   Orc:2 ?}*=[[(=   Snake:4 %

Portals:
Trove: D:13 (give horn of Geryon)

Annotations:
D:9 1 runed door
Snake:2 Miynlerph's ghost, adept MiFi
Orc:2 2 transporters, hairmachine's ghost, journeyman DDAr


Innate Abilities, Weirdness & Mutations

You have a beak for a mouth.
You have claws for feet.
You can fly continuously.


Message History

You riposte.
You slash the slime creature! You burn the slime creature.
You freeze the slime creature. You claw the slime creature.
You peck the slime creature, but do no damage.
The slime creature is moderately wounded.
You are too injured to fight recklessly!
Okay, then.
Unknown command.
Press: ? - help, v - describe, . - travel
Here: an azure jelly (moderately wounded)
The floor.
Unknown command.
Unknown command.
Press: ? - help, v - describe, . - travel
Here: a large slime creature The floor.
Unknown command.
You feel much better. The azure jelly hits you.
* * * LOW HITPOINT WARNING * * *
The azure jelly freezes you!!!
You die...

..........
#..........
..........####
....>........##
..............###
................#
..........#......
......J.........#
......J@....#...
.....JJ.....#
.._..####..##
.... ...# ...
#.## .. ### .


You could see an azure jelly, a large slime creature and 2 slime creatures.

Vanquished Creatures
  the Lernaean hydra (Swamp:4)
  Nikola (Elf:2)
  3 deep elf blademasters
  An acid blob (Lair:6)
  2 deep elf master archers (Elf:3)
  Kirke (Swamp:2)
  The ghost of Vuhed the Warrior, an adept FoFi of Yredelemnul (Swamp:4)
  A thorn hunter (Swamp:2)
  Donald (Elf:2)
  12 nagarajas
  The ghost of Siufri the Warrior, an adept GrFi of Qazlal (Snake:2)
  The ghost of Siufri the Warrior, an adept GrFi of Qazlal (Snake:2)
  The ghost of Dyipsiq the Warrior, an adept GrFi of Qazlal (Snake:2)
  The ghost of Dyipsiq the Warrior, an adept GrFi of Qazlal (Snake:2)
  The ghost of Fobliqit the Warrior, an adept GrFi of Qazlal (Snake:3)
  An orc warlord (Orc:2)
  5 deep elf sorcerers
  4 deep elf elementalists (Elf:3)
  7 deep elf demonologists (Elf:3)
  Azrael (Elf:1)
  A dire elephant (D:15)
  7 deep elf annihilators
  8 deep elf death magi (Elf:3)
  An ettin (D:14)
  Josephine (D:10)
  The ghost of TotesWizzard the Cleaver, a journeyman VSBe of Trog (D:14)
  A hydra (shapeshifter) (Elf:2)
  A vault guard (D:13)
  2 deep elf high priests (Elf:3)
  20 hydras
  3 catoblepae (Lair:6)
  10 naga warriors
  A ghost crab (Swamp:3)
  21 dancing weapons
  An ogre mage (D:15)
  9 anacondas
  A centaur warrior (D:14)
  5 two-headed ogres
  A queen ant (Lair:3)
  11 alligators
  8 death yaks (Lair:6)
  3 tengu warriors
  11 naga sharpshooters
  3 orc high priests (Orc:2)
  6 shock serpents
  A hell knight (Volcano)
  24 deep elf knights
  6 salamander mystics
  2 unseen horrors
  A spriggan druid (Swamp:2)
  8 swamp dragons
  2 naga ritualists
  2 wizards (Elf:1)
  Pikel (D:8)
  The ghost of kalagan the Thaumaturge, a novice DEFE of Vehumet (D:8)
  A phantasmal warrior (D:14)
  4 orc knights
  17 deep elf archers
  A wolf spider zombie (D:15)
  4 oklob plants (Lair:2)
  4 orc sorcerers (Orc:2)
  63 deep elf magi
  7 cyclopes
  11 mana vipers
  A wolf spider (D:15)
  6 ugly things
  7 manticores
  17 salamanders
  9 guardian serpents
  36 black mambas
  4 centaur zombies
  A black mamba (shapeshifter) (D:15)
  18 naga magi
  9 spiny frogs
  A torpor snail (Lair:2)
  2 gargoyles
  3 kobold demonologists
  A freezing wraith (D:14)
  2 yaktaurs (shapeshifter)
  3 rime drakes
  An efreet (D:15)
  9 komodo dragons
  A komodo dragon (shapeshifter) (D:14)
  A redback zombie (D:15)
  3 meliai (D:13)
  A tengu conjurer (D:13)
  3 hornets
  6 trolls
  A polar bear (Lair:4)
  25 slime creatures
  18 blink frogs
  11 tyrant leeches
  2 bog bodies (Swamp:3)
  A meliai zombie (D:14)
  A harpy skeleton (D:15)
  12 hippogriffs
  A vampire (Swamp:3)
  4 shadows
  7 air elementals
  3 spriggans
  3 wyverns
  3 water elementals
  6 wraiths
  47 yaks
  5 fire elementals
  6 basilisks
  6 hogs (Swamp:2)
  A steam dragon (D:9)
  4 hungry ghosts
  23 vampire mosquitoes
  57 nagas
  18 swamp worms
  9 soldier ants
  5 insubstantial wisps (Swamp:4)
  11 water moccasins
  An acid dragon (D:11)
  2 hell hounds (Elf:1)
  11 ice beasts
  8 porcupines
  3 sky beasts (D:11)
  2 eyes of draining
  2 phantoms
  A hornet zombie (D:9)
  38 orc warriors
  A slave (D:8)
  5 black bears
  A necrophage (D:12)
  9 swamp drakes
  A boggart (Elf:1)
  17 ogres
  3 wolves (Lair:3)
  5 centaurs
  8 crocodiles
  14 big kobolds
  A spectral wyvern (D:12)
  20 bullfrogs
  An earth elemental (Elf:2)
  2 wyvern skeletons (D:12)
  2 wyvern zombies
  A water moccasin zombie (D:12)
  5 scorpions
  2 water moccasin skeletons
  8 killer bees (D:9)
  7 wights
  5 howler monkeys
  2 electric eels
  4 crimson imps
  4 lava snakes (Snake:4)
  3 bullfrog zombies
  2 jellies
  4 human zombies (D:12)
  33 orc priests
  5 hounds
  5 centaur skeletons
  A gnoll shaman (D:9)
  6 bullfrog skeletons
  3 iguanas
  26 worker ants
  39 orc wizards
  A hound skeleton (D:7)
  3 mummies (D:12)
  2 howler monkey skeletons
  9 gnolls
  26 adders
  2 river rats (D:5)
  4 shadow imps
  12 white imps (Lair:1)
  15 oozes (Sewer)
  4 worms
  5 dart slugs
  16 leopard geckos
  99 orcs
  16 giant cockroaches
  3 goblins
  6 hobgoblins
  19 jackals
  10 kobolds
  3 quokkas
  13 ball pythons
  9 bats
  13 frilled lizards
  An orc skeleton (D:12)
  An orc zombie (D:12)
  A quokka skeleton (D:7)
  5 rats
  A spectral orc (D:7)
  A plant (Lair:2)
1402 creatures vanquished.

Vanquished Creatures (others)
  A naga sharpshooter (Snake:2)
  A deep elf knight (Elf:3)
  2 deep elf magi (Elf:1)
  A naga (Snake:3)
  A swamp drake (Swamp:4)
  49 fungi
  42 plants
97 creatures vanquished.

Grand Total: 1499 creatures vanquished

Notes
Turn   | Place    | Note
-------+----------+-------------------------------------------
     0 | D:1      | iamserjio the Tengu Monk began the quest for the Orb.
     0 | D:1      | Reached XP level 1. HP: 14/14 MP: 2/2
    54 | D:1      | Reached XP level 2. HP: 16/19 MP: 3/3
   687 | D:2      | Reached XP level 3. HP: 23/23 MP: 4/4
  1762 | D:3      | Reached XP level 4. HP: 22/28 MP: 5/5
  2767 | D:3      | Reached skill level 5 in Long Blades
  3093 | D:3      | Found an iron altar of Okawaru.
  3095 | D:3      | Found an opulent altar of Gozag.
  3097 | D:3      | Found a blossoming altar of Fedhas.
  3099 | D:3      | Found a hazy altar of Hepliaklqana.
  3101 | D:3      | Found an ornate altar of the Wu Jian Council.
  3101 | D:3      | Found a sparkling altar of Nemelex Xobeh.
  3101 | D:3      | Found a stormy altar of Qazlal.
  3101 | D:3      | Found a glowing golden altar of the Shining One.
  3103 | D:3      | Found a sacrificial altar of Ru.
  3104 | D:3      | Found a glowing silver altar of Zin.
  3106 | D:3      | Found a bloodstained altar of Trog.
  3112 | D:3      | Became a worshipper of Zin the Law-Giver
  3112 | D:3      | Reached * piety under Zin
  3112 | D:3      | Reached ** piety under Zin
  3153 | D:3      | Gained mutation: You can fly. [Tengu growth]
  3153 | D:3      | Reached XP level 5. HP: 21/32 MP: 6/6
  3457 | D:3      | Reached skill level 9 in Fighting
  3457 | D:3      | Reached skill level 10 in Dodging
  3457 | D:3      | Reached XP level 6. HP: 46/46 MP: 7/7
  3487 | D:4      | Reached skill level 1 in Invocations
  3526 | D:4      | Reached XP level 7. HP: 34/51 MP: 4/9
  3688 | D:4      | Donated 90 gold pieces to Zin
  3828 | D:4      | Found a staircase to the Ecumenical Temple.
  4101 | D:4      | Reached *** piety under Zin
  4168 | D:4      | Got a bloodstained short sword
  4188 | D:4      | Identified the +6 short sword of Linearity {flame, rPois} (You found it on level 4 of the Dungeon)
  4784 | D:5      | Entered Level 5 of the Dungeon
  4947 | D:5      | Reached XP level 8. HP: 45/56 MP: 11/11
  5204 | D:5      | Found a glowing drain.
  5212 | Sewer    | Entered a sewer
  6160 | Sewer    | Reached **** piety under Zin
  6499 | D:6      | Found a shadowy altar of Dithmenos.
  6951 | D:7      | Reached XP level 9. HP: 49/60 MP: 8/12
  7155 | D:7      | Reached ***** piety under Zin
  7471 | D:7      | Found a sparkling altar of Nemelex Xobeh.
  7551 | D:7      | Found a basalt altar of Yredelemnul.
  7779 | D:8      | Reached skill level 1 in Evocations
  7798 | D:8      | Noticed a cyan ugly thing
  7805 | D:8      | Killed a cyan ugly thing
  7973 | D:8      | Found Nuxug's Weapon Shop.
  7999 | D:8      | Noticed Pikel
  8018 | D:8      | Killed Pikel
  8018 | D:8      | Reached XP level 10. HP: 59/66 MP: 14/14
  8080 | D:8      | Reached skill level 5 in Invocations
  8104 | D:8      | Found Fuulou's Magic Scroll Shop.
  8110 | D:8      | Bought a scroll of enchant weapon for 82 gold pieces
  8110 | D:8      | Bought a scroll of identify for 22 gold pieces
  8110 | D:8      | Bought a scroll of summoning for 104 gold pieces
  8110 | D:8      | Bought a scroll of random uselessness for 11 gold pieces
  8110 | D:8      | Bought a scroll of immolation for 38 gold pieces
  8385 | D:8      | Found a runed gate.
  8393 | D:8      | Found a runed gate.
  8393 | D:8      | Found a runed gate.
  8394 | D:8      | Noticed kalagan's ghost (novice DEFE)
  8394 | D:8      | Noticed a kobold demonologist
  8742 | D:9      | Found a staircase to the Orcish Mines.
  8756 | D:9      | Reached skill level 10 in Long Blades
  8975 | D:9      | Found a runed gate.
  9259 | D:9      | Found a runed door.
  9269 | D:9      | Found a runed door.
  9271 | D:9      | Found the +9 staff of Olgreb {rPois}
  9291 | D:9      | Found a runed gate.
  9306 | D:9      | Found a runed gate.
  9964 | D:9      | Found an ornate altar of the Wu Jian Council.
 10128 | D:9      | Reached skill level 1 in Armour
 10488 | D:10     | Entered Level 10 of the Dungeon
 10626 | D:10     | Noticed an unseen horror
 10638 | D:10     | Killed an unseen horror
 10638 | D:10     | Reached XP level 11. HP: 55/71 MP: 16/16
 10695 | D:10     | Reached ****** piety under Zin
 11215 | D:10     | Noticed Josephine
 11330 | D:10     | Reached skill level 5 in Armour
 11450 | D:10     | Killed Josephine
 12126 | D:10     | Noticed a cyclops
 12138 | D:10     | Killed a cyclops
 12296 | D:11     | Noticed a manticore
 12298 | D:11     | Noticed a cyclops
 12493 | D:11     | Killed a cyclops
 12671 | D:11     | Killed a manticore
 13101 | D:11     | Found Tiku Roc's Antique Weapon Emporium.
 13281 | D:11     | Got a silken robe
 13393 | D:11     | Noticed a five-headed hydra
 13405 | D:11     | Killed a five-headed hydra
 13405 | D:11     | Reached XP level 12. HP: 74/76 MP: 12/17
 13427 | D:11     | Found a staircase to the Lair.
 13665 | D:11     | Identified the +1 robe of the Tarantula {+Blink Int+3} (You found it on level 11 of the Dungeon)
 14077 | D:12     | Reached skill level 10 in Fighting
 15332 | D:12     | Found a basalt altar of Yredelemnul.
 15481 | D:13     | Noticed a vault guard
 15505 | D:13     | Killed a vault guard
 15575 | D:13     | Noticed a tengu warrior
 15927 | D:8      | Bought a scroll of teleportation for 33 gold pieces
 15927 | D:8      | Bought a scroll of enchant weapon for 82 gold pieces
 15927 | D:8      | Bought a scroll of teleportation for 33 gold pieces
 15927 | D:8      | Bought a scroll of teleportation for 33 gold pieces
 15927 | D:8      | Bought a scroll of teleportation for 33 gold pieces
 16011 | Lair:1   | Entered Level 1 of the Lair of Beasts
 16038 | Lair:1   | Found a frozen archway.
 16098 | IceCv    | Entered an ice cave
 16248 | IceCv    | Reached XP level 13. HP: 82/82 MP: 18/18
 17738 | Lair:2   | Found a dark tunnel.
 17743 | Volcano  | Entered a volcano
 18073 | Volcano  | Reached skill level 12 in Fighting
 18073 | Volcano  | Gained mutation: You can fly continuously. [Tengu growth]
 18073 | Volcano  | Reached XP level 14. HP: 68/92 MP: 19/19
 19003 | Lair:2   | Found the +2 Maxwell's thermic engine {flame, freeze}
 19777 | Lair:3   | Found a staircase to the Snake Pit.
 19810 | Lair:3   | Reached skill level 13 in Fighting
 20410 | Lair:3   | Found a staircase to the Swamp.
 22000 | Lair:6   | Entered Level 6 of the Lair of Beasts
 22108 | Lair:6   | Reached XP level 15. HP: 83/100 MP: 20/20
 22356 | Lair:6   | Reached skill level 15 in Dodging
 22373 | Lair:6   | Reached skill level 14 in Fighting
 22388 | Lair:6   | Found a viscous altar of Jiyva.
 22388 | Lair:6   | Found a staircase to the Slime Pits.
 22830 | Lair:6   | Got a faintly glowing ivory amulet
 22832 | Lair:6   | Got a faintly glowing tin ring
 23821 | D:8      | Killed kalagan's ghost
 24203 | D:13     | Found a portal to a secret trove of treasure.
 24209 | D:13     | Reached skill level 15 in Long Blades
 24538 | D:13     | Found a gate to the Vaults.
 24914 | D:14     | Identified the ring "Omos Cas" {rN+++ MP+9 Int+4 SInv Stlth-} (You found it on level 6 of the Lair of Beasts)
 24973 | D:14     | Found an opulent altar of Gozag.
 24974 | D:14     | Found a runed gate.
 24974 | D:14     | Found a runed gate.
 24974 | D:14     | Found a runed gate.
 24975 | D:14     | Noticed TotesWizzard's ghost (journeyman VSBe)
 24976 | D:14     | Found Totagew's Assorted Antiques.
 24977 | D:14     | Found Lurghuax's General Store.
 24981 | D:14     | Bought a potion of resistance for 150 gold pieces
 24981 | D:14     | Bought a potion of curing for 45 gold pieces
 25024 | D:14     | Killed TotesWizzard's ghost
 25103 | D:14     | Bought an ivory wand for 120 gold pieces
 25103 | D:14     | Bought a potion of curing for 90 gold pieces
 25103 | D:14     | Bought a runed cloak for 225 gold pieces
 25103 | D:14     | Bought a scroll of identify for 60 gold pieces
 25103 | D:14     | Identified the amulet "Iddyhel" {Faith rPois Str+3} (You found it on level 6 of the Lair of Beasts)
 25700 | D:14     | You are sucked into a shaft!
 25700 | D:15     | Entered Level 15 of the Dungeon
 25820 | D:15     | Reached XP level 16. HP: 82/106 MP: 19/22
 26396 | D:15     | Found a staircase to the Depths.
 26785 | D:13     | Identified a scroll of acquirement
 26869 | Orc:1    | Entered Level 1 of the Orcish Mines
 27019 | Orc:1    | Found Rogg's Antique Weapon Shoppe.
 27537 | Orc:2    | Entered Level 2 of the Orcish Mines
 27537 | Orc:2    | Found Jelell's Armour Emporium.
 27540 | Orc:2    | Found Dymotoit's Jewellery Shop.
 27590 | Orc:2    | Bought the ring of Foirphel {Fire MR+} for 488 gold pieces
 27620 | Orc:2    | Bought a +2 leather armour of magic resistance for 266 gold pieces
 27673 | Orc:2    | Found a staircase to the Elven Halls.
 27676 | Orc:2    | Found a transporter.
 27679 | Orc:2    | Noticed hairmachine's ghost (journeyman DDAr)
 27753 | Orc:2    | Found a transporter.
 27762 | Orc:2    | Found Ythrat's Gadget Emporium.
 27762 | Orc:2    | Found Sonn's Assorted Antiques.
 27793 | Orc:2    | Found Nihara's Magic Scroll Emporium.
 27823 | Orc:2    | Bought a scroll of identify for 30 gold pieces
 27823 | Orc:2    | Bought a scroll of identify for 30 gold pieces
 28805 | Orc:2    | Found Visom's General Store.
 28806 | Orc:2    | Found Gavuk's Jewellery Boutique.
 28807 | Orc:2    | Found Dionker's Antique Armour Shop.
 28807 | Orc:2    | Found Sauffexe's Antique Weapon Shop.
 29079 | Orc:2    | Bought an uncursed ring of protection from magic for 275 gold pieces
 29088 | Orc:2    | Bought a bloodstained chain mail for 323 gold pieces
 29093 | Orc:2    | Identified the +8 chain mail "Dolokano" {rPois} (You bought it in a shop on level 2 of the Orcish Mines)
 29141 | Orc:2    | Bought a +0 pair of gloves of dexterity for 161 gold pieces
 29141 | Orc:2    | Bought the +2 ratskin cloak {+Rats rPois rN+ Str-1 Int-1 Dex+1} for 389 gold pieces
 29141 | Orc:2    | Found the +2 ratskin cloak {+Rats rPois rN+ Str-1 Int-1 Dex+1}
 29141 | Orc:2    | Bought a scarf of repulsion for 168 gold pieces
 29500 | Swamp:1  | Entered Level 1 of the Swamp
 29577 | Swamp:1  | Reached skill level 1 in Shields
 30227 | Swamp:2  | Noticed Kirke
 30227 | Swamp:2  | Noticed a thorn hunter
 30257 | Swamp:2  | Killed a thorn hunter
 30523 | Swamp:2  | Killed Kirke
 30639 | Swamp:2  | Reached XP level 17. HP: 89/111 MP: 24/24
 31039 | Swamp:3  | Reached skill level 5 in Evocations
 31542 | Swamp:4  | Entered Level 4 of the Swamp
 31608 | Swamp:4  | Found a runed door.
 31616 | Swamp:4  | Noticed Vuhed's ghost (adept FoFi)
 31790 | Swamp:4  | Noticed the 27-headed Lernaean hydra
 31800 | Swamp:4  | Killed the 27-headed Lernaean hydra
 31800 | Swamp:4  | Reached skill level 10 in Invocations
 31983 | Swamp:4  | Got a decaying rune of Zot
 32171 | Swamp:4  | Killed Vuhed's ghost
 32291 | Snake:1  | Entered Level 1 of the Snake Pit
 33798 | Snake:2  | Found a runed gate.
 33798 | Snake:2  | Found a runed gate.
 33798 | Snake:2  | Found a runed gate.
 33801 | Snake:2  | Noticed Siufri's ghost (adept GrFi)
 33802 | Snake:2  | Noticed Dyipsiq's ghost (adept GrFi)
 33802 | Snake:2  | Noticed Dyipsiq's ghost (adept GrFi)
 33803 | Snake:2  | Noticed Siufri's ghost (adept GrFi)
 33833 | Snake:2  | Reached XP level 18. HP: 110/117 MP: 27/27
 33903 | Snake:2  | Identified the +1 robe of the Meadowlark {rC++ Str-3} (You found it on level 2 of the Snake Pit)
 34446 | Snake:2  | Reached skill level 15 in Fighting
 34645 | Snake:2  | Noticed Miynlerph's ghost (adept MiFi)
 34795 | Snake:2  | Killed Dyipsiq's ghost
 34807 | Snake:2  | Killed Siufri's ghost
 34815 | Snake:2  | Killed Siufri's ghost
 34830 | Snake:2  | Killed Dyipsiq's ghost
 35786 | Snake:3  | Found a runed gate.
 35796 | Snake:3  | Identified the +2 leather armour of Ohack {rC+} (You found it on level 3 of the Snake Pit)
 35809 | Snake:3  | Found a runed gate.
 35809 | Snake:3  | Noticed Fobliqit's ghost (adept GrFi)
 35810 | Snake:3  | Found a runed gate.
 36201 | Snake:3  | Killed Fobliqit's ghost
 36212 | Snake:3  | Reached skill level 10 in Armour
 36317 | Snake:4  | Entered Level 4 of the Snake Pit
 36433 | Snake:4  | Found Zorez's Food Shop.
 36767 | Snake:4  | Reached skill level 16 in Fighting
 38105 | Snake:4  | Reached XP level 19. HP: 119/127 MP: 29/29
 38108 | Snake:4  | Reached skill level 17 in Fighting
 38340 | Snake:4  | Found a shimmering altar of Xom.
 38972 | Snake:4  | Got a serpentine rune of Zot
 39372 | Orc:2    | Bought an uncursed amulet of guardian spirit for 390 gold pieces
 39372 | Orc:2    | Bought an uncursed ring of protection from fire for 325 gold pieces
 39773 | Elf:1    | Entered Level 1 of the Elven Halls
 40411 | Elf:1    | Reached skill level 18 in Fighting
 40462 | Elf:1    | Noticed Azrael
 40479 | Elf:1    | Killed Azrael
 40911 | Elf:2    | Noticed Donald
 40921 | Elf:2    | Killed Donald
 41119 | Elf:2    | Noticed Nikola
 41151 | Elf:2    | Killed Nikola
 41197 | Elf:2    | Found a large runed door.
 41197 | Elf:2    | Found a large runed door.
 41227 | Elf:2    | Found a large runed door.
 41227 | Elf:2    | Found a large runed door.
 41576 | Elf:3    | Entered Level 3 of the Elven Halls
 41775 | Elf:3    | Reached XP level 20. HP: 100/137 MP: 23/30
 42743 | Elf:3    | Reached skill level 19 in Fighting
 43437 | Elf:3    | Reached skill level 15 in Armour
 44336 | Elf:3    | Identified the Almanac of Air
 44343 | Elf:3    | Identified the Guide on Supportive Flames
 44348 | Elf:3    | Identified the Disquisition on the Lucky Frostbite
 44352 | Elf:3    | Identified the Tome of Panentheism
 44404 | Elf:3    | Identified the cursed +0 robe of the Harp {-Cast Dex+2 SInv} (You found it on level 3 of the Elven Halls)
 44434 | Elf:3    | Noticed a Brimstone Fiend
 44436 | Elf:3    | Noticed a Brimstone Fiend
 46694 | Swamp:4  | Identified the +1 leather armour "Tuecoshro" {Str+2 Int+2} (You found it on level 4 of the Swamp)
 46818 | Lair:1   | Learned a level 1 spell: Summon Butterflies
 46821 | Lair:1   | Learned a level 2 spell: Blink
 46826 | Lair:1   | Learned a level 4 spell: Summon Lightning Spire
 47006 | Orc:2    | Bought an uncursed ring of resist corrosion for 220 gold pieces
 47236 | Slime:1  | Entered Level 1 of the Pits of Slime
 47236 | Slime:1  | Found a viscous altar of Jiyva.
 47247 | Lair:6   | Reached XP level 21. HP: 123/145 MP: 25/31
 47375 | Slime:1  | Mangled by an azure jelly

Skill      XL: |  1  2  3  4  5  6  7  8  9 10 11 12 13 14 15 16 17 18 19 20 |
---------------+-------------------------------------------------------------+-----
Long Blades    | 4 5 6 8 9 11 12 14 16 | 16.0
Dodging        | 4 10 11 14 16 17 18 | 18.0
Fighting       | 9 10 12 13 14 16 18 19 | 19.9
Invocations    | 1 3 4 6 7 9 11 12 | 12.0
Evocations     | 2 3 4 6 |  6.0
Armour         | 3 7 8 9 11 13 16 | 16.1
Shields        | 4 |  4.2
Stealth        | |  2.0

Action                   |  1- 3 |  4- 6 |  7- 9 | 10-12 | 13-15 | 16-18 | 19-21 || total
-------------------------+-------+-------+-------+-------+-------+-------+-------++-------
Melee: Falchion          |    67 |    57 |    41 |       |       |       |       ||   165
       Kick              |    20 |    20 |   103 |   373 |   406 |   627 |   387 ||  1936
       Peck              |    11 |    15 |    62 |   218 |   271 |   399 |   260 ||  1236
       Short sword       |       |       |   348 |   845 |   291 |       |       ||  1484
       Double sword      |       |       |       |       |   422 |  1223 |   767 ||  2412
       Scimitar          |       |       |       |       |     7 |       |       ||     7
Throw: Stone             |       |     1 |     1 |       |       |       |       ||     2
Invok: Recite            |       |     1 |     6 |     5 |     4 |    12 |    21 ||    49
       Donate Gold       |       |       |     1 |       |       |       |       ||     1
       Vitalisation      |       |       |       |    19 |    23 |    11 |    17 ||    70
       Imprison          |       |       |       |       |       |     1 |       ||     1
 Abil: Fly               |       |     1 |     4 |    15 |     8 |       |       ||    28
       Evoke Ratskin     |       |       |       |       |       |     1 |       ||     1
Evoke: Wand              |       |       |     3 |    18 |    16 |     7 |     1 ||    45
       Staff of Olgreb   |       |       |       |     1 |       |       |       ||     1
       Lightning rod     |       |       |       |       |     4 |     2 |     1 ||     7
  Use: Potion            |     2 |     1 |     2 |       |     8 |     2 |     5 ||    20
       Scroll            |       |     3 |     5 |    11 |    11 |    16 |    16 ||    62
 Stab: Sleeping          |     6 |     2 |     9 |    14 |    16 |    11 |     4 ||    62
       Confused          |       |       |     2 |     1 |     3 |    12 |    12 ||    30
       Distracted        |       |       |       |       |     2 |     4 |     2 ||     8
       Paralysed         |       |       |       |       |       |    12 |       ||    12
       Invisible         |       |       |       |       |       |     5 |       ||     5
  Eat: Chunk             |     2 |     2 |    12 |    21 |    15 |    10 |       ||    62
       Ration            |       |     1 |     1 |     4 |     4 |     8 |     9 ||    27
Armor: Leather armour    |    12 |     4 |    48 |     1 |       |     9 |    50 ||   124
       Steam dragon scal |       |       |       |    87 |    71 |    55 |     4 ||   217
       Robe              |       |       |       |    11 |       |       |       ||    11
Dodge: Dodged            |    44 |    41 |   340 |   574 |   635 |  1079 |   698 ||  3411
       Deflected         |       |       |       |       |       |    14 |    23 ||    37
Block: Buckler           |       |       |       |       |       |   305 |   218 ||   523
       Reflection        |       |       |       |       |       |    38 |    14 ||    52
       Rpst.: Falchion   |    17 |    14 |     8 |       |       |       |       ||    39
       Double sword      |       |       |       |       |   100 |   213 |   125 ||   438
